 Dungeon Crawl Stone Soup version 0.26-a0-540-g8a0c9464d7 (webtiles) character file.

Game seed: 13244159603270560750

8922 kae the Fencer (level 11, -7/75 HPs)
             Began as a Formicid Fighter on Aug 24, 2020.
             Was an Elder of Makhleb.
             Mangled by a ten-headed hydra (10 damage)
             ... on level 11 of the Dungeon on Aug 25, 2020.
             The game lasted 00:12:15 (9331 turns).

kae the Fencer (Formicid Fighter)                   Turns: 9331, Time: 00:12:16

Health: -7/75      AC: 16    Str: 24    XL:     11   Next: 64%
Magic:  11/11      EV:  8    Int:  8    God:    Makhleb [****..]
Gold:   886        SH: 11    Dex: 17    Spells: 10/10 levels left

rFire    + + .     SeeInvis +   d - +5 long sword of Valiance {holy, Fragile rF++ Dex+2 Stlth+}
rCold    . . .     Faith    .   c - +1 kite shield
rNeg     . . .     Spirit   .   z - +4 scale mail "Ilip" {Dex+5}
rPois    .         Reflect  .   (helmet unavailable)
rElec    .         Harm     .   p - +0 cloak
rCorr    .                      (no gloves)
MR       +....                  (no boots)
Stlth    +.........             o - amulet of regeneration
HPRegen  0.62/turn              v - +4 ring of protection
MPRegen  0.12/turn              E - +4 ring of slaying

@: no status effects
A: permanent stasis, dig shafts and tunnels, four strong arms, antennae 3
a: Dig, Shaft Self, Minor Destruction, Lesser Servant of Makhleb, Major
Destruction, Renounce Religion


You were on level 11 of the Dungeon.
You worshipped Makhleb.
Makhleb was greatly pleased with you.
You visited 2 branches of the dungeon, and saw 12 of its levels.
You also visited: Sewer and Ossuary.

You collected 970 gold pieces.
You spent 84 gold pieces at shops.

Inventory:

Hand Weapons
 a - a +1 war axe
 d - the +5 long sword of Valiance (weapon) {holy, Fragile rF++ Dex+2 Stlth+}
   (You found it on level 7 of the Dungeon)

   It has been blessed by the Shining One to cause great damage to the undead
   and demons.
   It affects your dexterity (+2).
   It greatly protects you from fire.
   It will be destroyed if unequipped.
   It makes you more stealthy.
 k - a +3 vorpal great sword
Armour
 c - a +1 kite shield (worn)
 p - a +0 cloak (worn)
 z - the +4 scale mail "Ilip" (worn) {Dex+5}
   (You found it on level 6 of the Dungeon)

   It affects your dexterity (+5).
Jewellery
 b - an uncursed amulet of the acrobat
 o - an amulet of regeneration (around neck)
 s - an uncursed ring of protection from cold
 u - a +4 ring of protection
 v - a +4 ring of protection (left hand)
 x - an uncursed ring of stealth
 E - a +4 ring of slaying (right hand)
 F - an uncursed ring of resist corrosion
Wands
 D - a wand of random effects (18)
 G - a wand of enslavement (11)
 H - a wand of paralysis (4)
Scrolls
 g - 4 scrolls of amnesia
 i - 7 scrolls of identify
 q - 8 scrolls of remove curse
 t - 4 scrolls of fear
 w - a scroll of enchant armour
 y - 4 scrolls of fog
Potions
 e - 5 potions of flight
 f - 9 potions of heal wounds
 h - 2 potions of mutation
 j - 3 potions of stabbing
 l - 11 potions of curing
 m - a potion of brilliance
 n - 2 potions of lignification
 A - a potion of magic
 B - a potion of ambrosia
 C - a potion of might
 J - 2 potions of invisibility


   Skills:
 - Level 3.2 Fighting
 + Level 15.2 Long Blades
 - Level 6.8 Axes
 - Level 3.2 Armour
 - Level 3.6 Shields


You had 10 spell levels left.
You didn't know any spells.
Your spell library contained the following spells:

 Spells                   Type           Power        Failure   Level
 Animate Skeleton         Necr           #.....       98%         1
 Apportation              Tloc           #.....       98%         1
 Corona                   Hex            #......      98%         1
 Summon Small Mammal      Summ           #...         98%         1


Dungeon Overview and Level Annotations

Branches:
Dungeon (11/15)            Temple (1/1) D:4            Lair (0/6) D:8
    Orc (0/2) D:11          Sewer (visited)         Ossuary (visited)

Altars:
Ashenzari
Cheibriados
Dithmenos
Elyvilon
Fedhas
Gozag
Hepliaklqana
Kikubaaqudgha
Makhleb
Nemelex Xobeh
Okawaru
Qazlal
Ru
Sif Muna
Trog
Uskayaw
Vehumet
Wu Jian
Xom
Yredelemnul
Zin
The Shining One
Beogh

Shops:
D:4 (   D:10 *

Annotations:
D:11 2 transporters


Innate Abilities, Weirdness & Mutations

You cannot be hasted, slowed, berserked, paralysed or teleported.
You can dig through walls and to a lower floor.
Your four strong arms can wield two-handed weapons with a shield.
You have a pair of large antennae on your head. (SInv)


Message History

The seven-headed hydra grows two more!
You slash the nine-headed hydra!
The nine-headed hydra is severely wounded.
You block the nine-headed hydra's attack. x2
The nine-headed hydra bites you but does no damage.
The nine-headed hydra bites you!
The nine-headed hydra bites you but does no damage.
The nine-headed hydra bites you!
* * * LOW HITPOINT WARNING * * *
You block the nine-headed hydra's attack.
The nine-headed hydra bites you!
* * * LOW HITPOINT WARNING * * *
The nine-headed hydra bites you but does no damage.
You slice one of the nine-headed hydra's heads off!
The eight-headed hydra grows two more!
You slash the ten-headed hydra!
The ten-headed hydra is almost dead.
You block the ten-headed hydra's attack.
The ten-headed hydra bites you but does no damage.
You block the ten-headed hydra's attack.
The ten-headed hydra bites you!
You die...

##.#............##............
##..<........###.#.............
#..........### ####...#........
#.##..D.#..#######....#........
#.##...<.........###..##.......
#......>....####..##...........
#.....)...#..##................
#..._..#......#...#######......
#.....(......D@...#.....#......
##..............#.8.....#...>..
######........#..'.....#......
##...##.....8..⌠..#......
##..........#.....#......
#...........#.....#......
####..........#8._.>#.#....
#.....##......#.....###....
.......######.)##..#.....##.....


You could see a ten-headed hydra.

Vanquished Creatures
  A cyclops (D:11)
  2 centaur skeletons
  Maggie (D:6)
  A troll (D:10)
  3 hippogriffs
  A wyvern (D:10)
  A basilisk (D:8)
  6 yaks
  Menkaure (D:6)
  A water moccasin (D:8)
  An acid dragon (D:11)
  9 orc warriors
  2 ice beasts (D:10)
  7 ogres
  A black bear (D:8)
  4 sky beasts
  3 centaurs
  A crocodile (D:8)
  5 big kobolds
  3 bullfrogs
  2 gnoll sergeants
  Blork the orc (D:6)
  3 scorpions
  3 killer bees (D:10)
  7 wights
  A howler monkey (D:5)
  An electric eel (D:8)
  A quasit (D:9)
  A centaur zombie (D:6)
  9 hounds
  3 jellies
  6 orc priests
  3 bullfrog skeletons
  A gnoll shaman (D:6)
  5 orc wizards
  6 iguanas
  Jessica (D:3)
  7 worker ants
  A big kobold zombie (Ossuary)
  8 mummies (Ossuary)
  3 worker ant zombies
  14 gnolls
  7 adders
  A white imp (D:5)
  2 ufetubi
  An ooze (Sewer)
  5 worms
  A dart slug (D:1)
  6 leopard geckos
  39 orcs
  9 bats
  6 giant cockroaches
  A gnoll zombie (Ossuary)
  5 hobgoblins
  2 jackals (D:8)
  26 kobolds
  4 quokkas
  3 ball pythons
  10 frilled lizards
  5 goblins
  3 hobgoblin zombies (Ossuary)
  A kobold zombie (Ossuary)
  2 leopard gecko skeletons
  2 orc zombies (Ossuary)
  A quokka skeleton (D:6)
  4 rats
  A fungus (Sewer)
288 creatures vanquished.

Vanquished Creatures (others)
  A jackal (D:8)
  A fungus (Sewer)
  A plant (D:8)
3 creatures vanquished.

Grand Total: 291 creatures vanquished

Notes
Turn   | Place    | Note
-------+----------+-------------------------------------------
     0 | D:1      | kae the Formicid Fighter began the quest for the Orb.
     0 | D:1      | Reached XP level 1. HP: 18/18 MP: 1/1
    74 | D:1      | Reached XP level 2. HP: 24/24 MP: 2/2
   544 | D:2      | Reached XP level 3. HP: 17/29 MP: 3/3
  1569 | D:3      | Found a glowing drain.
  1582 | Sewer    | Entered a sewer
  1622 | Sewer    | Noticed a big kobold
  1642 | Sewer    | Killed a big kobold
  1642 | Sewer    | Reached skill level 5 in Axes
  1642 | Sewer    | Reached XP level 4. HP: 25/35 MP: 4/4
  1642 | Sewer    | Reached XP level 5. HP: 29/41 MP: 5/5
  1968 | Sewer    | Noticed a big kobold
  1999 | Sewer    | Killed a big kobold
  1999 | Sewer    | Reached XP level 6. HP: 40/47 MP: 6/6
  2339 | D:3      | Noticed Jessica
  2345 | D:3      | Found a shimmering blue altar of Sif Muna.
  2347 | D:3      | Killed Jessica
  2750 | D:3      | Found an iron altar of Okawaru.
  2889 | D:4      | Found a staircase to the Ecumenical Temple.
  2949 | Temple   | Entered the Ecumenical Temple
  3035 | Temple   | Became a worshipper of Makhleb the Destroyer
  3119 | D:4      | Found Lipp's Weapon Boutique.
  3137 | D:4      | Bought a +0 great sword for 84 gold pieces
  3258 | D:4      | Reached skill level 1 in Long Blades
  3258 | D:4      | Reached XP level 7. HP: 38/52 MP: 7/7
  3354 | D:4      | Found a sacrificial altar of Ru.
  3491 | D:5      | Entered Level 5 of the Dungeon
  3517 | D:5      | Reached skill level 2 in Long Blades
  3631 | D:5      | Reached skill level 3 in Long Blades
  3679 | D:5      | Noticed a water moccasin
  3683 | D:5      | Reached skill level 4 in Long Blades
  3828 | D:5      | Reached XP level 8. HP: 49/58 MP: 8/8
  3830 | D:5      | Reached skill level 5 in Long Blades
  4427 | D:6      | Noticed Maggie
  4440 | D:6      | Killed Maggie
  4440 | D:6      | Reached * piety under Makhleb
  4440 | D:6      | Reached skill level 7 in Long Blades
  4493 | D:6      | Noticed Blork the orc
  4567 | D:6      | Noticed Menkaure
  4577 | D:6      | Killed Menkaure
  4577 | D:6      | Reached skill level 8 in Long Blades
  4577 | D:6      | Reached XP level 9. HP: 14/64 MP: 9/9
  4670 | D:6      | Killed Blork the orc
  4709 | D:6      | Reached skill level 9 in Long Blades
  4779 | D:6      | Found a snail-covered altar of Cheibriados.
  4779 | D:6      | Found a white marble altar of Elyvilon.
  4785 | D:6      | Found a faded altar of an unknown god.
  4787 | D:6      | Found an ancient bone altar of Kikubaaqudgha.
  4788 | D:6      | Found a faded altar of an unknown god.
  4849 | D:6      | Found a sand-covered staircase.
  4858 | Ossuary  | Entered an ossuary
  5230 | D:6      | Reached ** piety under Makhleb
  5364 | D:6      | Found a hide-covered altar of Uskayaw.
  5494 | D:6      | Got a brightly glowing scale mail
  5506 | D:6      | Identified the +4 scale mail "Ilip" {Dex+5} (You found it
                  | on level 6 of the Dungeon)
  5602 | D:7      | Reached skill level 10 in Long Blades
  5690 | D:7      | Got an ichor-stained long sword
  5691 | D:7      | Identified the +5 long sword of Valiance {holy, Fragile
                  | rF++ Dex+2 Stlth+} (You found it on level 7 of the Dungeon)
  5810 | D:7      | Found an opulent altar of Gozag.
  5905 | D:7      | Found a glowing silver altar of Zin.
  5913 | D:7      | Found an ornate altar of the Wu Jian Council.
  5922 | D:7      | Found a bloodstained altar of Trog.
  5985 | D:7      | Found a blossoming altar of Fedhas.
  6022 | D:7      | Found a hazy altar of Hepliaklqana.
  6562 | D:8      | Reached skill level 11 in Long Blades
  6565 | D:8      | Reached XP level 10. HP: 68/70 MP: 10/10
  6636 | D:8      | Reached skill level 12 in Long Blades
  6935 | D:8      | Found a hazy altar of Hepliaklqana.
  7017 | D:8      | Reached *** piety under Makhleb
  7098 | D:8      | Found a staircase to the Lair.
  7458 | D:9      | Reached skill level 13 in Long Blades
  8042 | D:9      | Found a bloodstained altar of Trog.
  8067 | D:9      | Reached XP level 11. HP: 75/75 MP: 11/11
  8263 | D:9      | Reached **** piety under Makhleb
  8303 | D:10     | Entered Level 10 of the Dungeon
  8311 | D:10     | Found Iqadwi's General Store.
  8321 | D:10     | Reached skill level 14 in Long Blades
  8700 | D:10     | Found a stormy altar of Qazlal.
  8812 | D:11     | Found a shadowy altar of Dithmenos.
  9002 | D:11     | Reached skill level 15 in Long Blades
  9022 | D:11     | Noticed a cyclops
  9029 | D:11     | Killed a cyclops
  9111 | D:11     | Found a roughly hewn altar of Beogh.
  9111 | D:11     | Found a staircase to the Orcish Mines.
  9166 | D:11     | Noticed an eight-headed hydra
  9168 | D:11     | Found a transporter.
  9168 | D:11     | Found a transporter.
  9330 | D:11     | HP: 3/75 [nine-headed hydra (12)]
  9331 | D:11     | Mangled by a ten-headed hydra

Illustrated notes

Levels and vault maps discovered:
D:1:      psy_arrival_conway, layout_rooms
D:2:      layout_loops_ring, chequers_serial_rivers_room_a,
          kennysheep_generic_room_6
D:3:      layout_basic, lemuel_coloured_pillars_altar, tgw_sif,
          cheibrodos_sewer_entry_sluice, due_unseen_surprise
D:4:      layout_gridville, kennysheep_little_box,
          minmay_temple_entry_overgrown, serial_shops, shop
D:5:      lemuel_ice_spiral_2, layout_basic, grunt_ministairs_5, minivault_14,
          minmay_holes, minmay_lizard_king
D:6:      layout_basic, overflow_temple_1_default,
          chequers_temple_overflow_minitemple, nicolae_ossuary_entry_monument,
          uniq_maggie, uniq_menkaure, uniq_blork_the_orc
D:7:      layout_loops_corners, bloody_trog, grunt_gozag_statues,
          grunt_temple_overflow_open, fedhas_altar_2
D:8:      layout_loops_ring, david_lair_generic, basic_altar,
          hangedman_decor_clover_reticule, serial_bayou_pond_b
D:9:      layout_loops_ring, basic_altar
D:10:     layout_rooms, serial_shops, nicolae_shop_trees,
          nicolae_qazlal_eye_of_the_storm
D:11:     layout_cave_pools, david_orc_5, basic_altar, gammafunk_ghost_hive
Temple:   eino_temple_lava

Skill      XL: |  1  2  3  4  5  6  7  8  9 10 11 |
---------------+----------------------------------+-----
Axes           | 3 5 6 |  6.8
Long Blades    | 1 4 8 11 13 15 | 15.2
Fighting       | |  3.2
Armour         | |  3.2
Shields        | |  3.6

Action                   |  1- 3 |  4- 6 |  7- 9 | 10-12 || total
-------------------------+-------+-------+-------+-------++-------
Melee: War axe           |    88 |   106 |       |       ||   194
       Great sword       |       |    13 |   209 |       ||   222
       Long sword        |       |       |    68 |   423 ||   491
 Abil: Dig               |     2 |     2 |     6 |     3 ||    13
Evoke: Wand              |       |       |     1 |    10 ||    11
  Use: Scroll            |    13 |     5 |    11 |     6 ||    35
       Potion            |       |       |     2 |       ||     2
 Stab: Sleeping          |       |       |     2 |       ||     2
Armor: Scale mail        |    43 |    28 |    92 |   121 ||   284
Dodge: Dodged            |    19 |    27 |    91 |    77 ||   214
Block: Kite shield       |    54 |    57 |   138 |   233 ||   482
       Rpst.: Great sword |       |     1 |    26 |       ||    27
       Long sword        |       |       |     7 |    14 ||    21

Table legend: (Time is in decaauts)
 A = Elapsed time spent in this place.
 B = Non-inter-level travel time spent in this place.
 C = Inter-level travel time spent in this place.
 D = Time resting spent in this place.
 E = Time spent auto-exploring this place.
 F = Levels seen in this place.
 G = Mean time per level.
                   A        B        C        D        E       F      G
               +--------+--------+--------+--------+--------+-----+--------+
         Total |   9430 |   8940 |    490 |    763 |   6029 |  14 |  673.6 |
       Dungeon |   8532 |   8051 |    481 |    678 |   5604 |  11 |  775.6 |
        Temple |     95 |     87 |      8 |      0 |     73 |   1 |   95.0 |
         Sewer |    528 |    528 |      0 |     85 |    216 |   1 |  528.0 |
       Ossuary |    274 |    274 |      0 |      0 |    136 |   1 |  274.0 |
               +--------+--------+--------+--------+--------+-----+--------+

Top non-repeatable levels by time:
     D:2: 1052 daAuts
     D:5: 1029 daAuts
     D:7: 965 daAuts
     D:8: 907 daAuts
     D:9: 870 daAuts
     D:6: 802 daAuts
     D:3: 779 daAuts
     D:4: 628 daAuts
    D:10: 531 daAuts
   Sewer: 528 daAuts
     D:1: 508 daAuts
    D:11: 455 daAuts
 Ossuary: 274 daAuts
  Temple: 95 daAuts
